 Dungeon Crawl Stone Soup version 0.29-a0-541-gaf1fc19f1b (webtiles) character file.

Game seed: 395413426214372179

86 happo123 the Sneak (level 4, -1/25 HPs)
             Began as a Kobold Enchanter on June 2, 2022.
             Slain by Crazy Yiuf
             ... wielding a +3 quarterstaff of chaos
              (7 damage)
             ... on level 2 of the Dungeon.
             The game lasted 00:04:19 (1888 turns).

happo123 the Sneak (Kobold Enchanter)               Turns: 1888, Time: 00:04:19

Health: -1/25      AC: 10    Str:  5    XL:     4   Next: 78%
Magic:  4/7        EV: 15    Int: 18    God:
Gold:   96         SH:  0    Dex: 15    Spells: 3/8 levels left

rFire   . . .      SeeInvis .   n - +2 short sword (protect)
rCold   . . .      Faith    .   (no shield)
rNeg    + . .      Spirit   .   b - +0 robe
rPois   .          Reflect  .   (no helmet)
rElec   .          Harm     .   j - +0 cloak
rCorr   .          Rampage  .   (no gloves)
Will    .....                   (no boots)
Stlth   ++++......              (no amulet)
HPRegen 0.08/turn               h - ring of positive energy
MPRegen 0.10/turn               (no ring)

@: confusing by touch, under a protective aura
A: small, no large weapons, nightstalker 3
a: no special abilities


You were on level 2 of the Dungeon.
You visited 1 branch of the dungeon, and saw 2 of its levels.

You collected 96 gold pieces.

Inventory:

Hand Weapons
 a - a +1 dagger
 n - a +2 short sword of protection (weapon)
Armour
 b - a +0 robe (worn)
 j - a +0 cloak (worn)
Jewellery
 h - a ring of positive energy (left hand)
Scrolls
 e - a scroll of silence {unknown}
 g - a scroll of noise {unknown}
 k - a scroll of blinking {unknown}
 l - 4 scrolls of teleportation {unknown}
 m - a scroll of fog {unknown}
 o - a scroll of summoning {unknown}
 q - a scroll of enchant weapon {unknown}
 s - a scroll of immolation {unknown}
 t - a scroll of vulnerability {unknown}
Potions
 c - 3 potions of invisibility
 d - 2 potions of flight {unknown}
 f - a potion of berserk rage {unknown}
 i - a potion of haste {unknown}
 p - a potion of degeneration {unknown}
 r - 2 potions of cancellation {unknown}


   Skills:
 + Level 1.3 Fighting
 + Level 2.4 Short Blades
 + Level 3.0 Dodging
 + Level 4.6 Stealth
 + Level 2.5 Spellcasting
 * Level 3.8 Hexes


You had 3 spell levels left.
You knew the following spells:

 Your Spells              Type           Power      Damage    Failure   Level
a - Ensorcelled Hibernat  Hex/Ice        18%        N/A       12%         2
b - Confusing Touch       Hex            16%        N/A       11%         3

Your spell library contained the following spells:

 Spells                   Type           Power      Damage    Failure   Level
 Tukima's Dance           Hex            16%        N/A       11%         3
 Dazzling Flash           Conj/Hex       18%        N/A       24%         3


Dungeon Overview and Level Annotations

Branches:
Dungeon (2/15)

Altars:

Annotations:
D:2 Crazy Yiuf


Innate Abilities, Weirdness & Mutations

You are small and have problems with some larger weapons.
You are completely attuned to the shadows.


Message History

Your weapon exudes an aura of protection.
You kill the adder!
You now have 96 gold pieces (gained 14).
t - a scroll labelled NOITHR BIWA
Found a faded altar of an unknown god.
There is a faded altar of an unknown god here.
Found a runed translucent door.
Found a mace.
You open the door.
There is an open translucent door here.
The helpless Crazy Yiuf fails to defend himself.
You puncture Crazy Yiuf!
Your weapon exudes an aura of protection.
You punch Crazy Yiuf.
Crazy Yiuf is almost dead.
Crazy Yiuf hits you with a +3 quarterstaff of chaos.
You are electrocuted!
Ouch! That really hurt!
* * * LOW HITPOINT WARNING * * *
Casting: Ensorcelled Hibernation (safe; 12% risk of failure)
Confirm with . or Enter, or press ? or * to list all spells.
The spell is quite dangerous to miscast (11% risk of failure)!
Continue anyway? [Y]es or [N]o only, please.
The spell is quite dangerous to miscast (11% risk of failure)!
Continue anyway? [Y]es or [N]o only, please.
The spell is quite dangerous to miscast (11% risk of failure)!
Continue anyway? [Y]es or [N]o only, please.
The spell is quite dangerous to miscast (11% risk of failure)!
Continue anyway? [Y]es or [N]o only, please.
The spell is quite dangerous to miscast (11% risk of failure)!
Continue anyway? [Y]es or [N]o only, please.
The spell is quite dangerous to miscast (11% risk of failure)!
Continue anyway? [Y]es or [N]o only, please.
The spell is quite dangerous to miscast (11% risk of failure)!
Continue anyway? [Y]es or [N]o only, please.
The spell is quite dangerous to miscast (11% risk of failure)!
Continue anyway?
Your hands begin to glow red.
Crazy Yiuf cries, "Leather!"
Crazy Yiuf hits you with a +3 quarterstaff of chaos!
You die...

##.###.....
#.........
#..##.....
#####.#### #.....
#...## #####
♣♣##..... #)..#♣♣
♣♣.....###
#g@.'.♣♣♣♣.........
#...#♣..♣.........#
#####♣♣♣.♣......#.#
♣♣♣♣♣##..#.# ##....
##... #... #...
#...


You could see Crazy Yiuf.

Vanquished Creatures
  4 adders (D:2)
  A dart slug (D:1)
  6 bats
  3 endoplasms
  5 giant cockroaches (D:1)
  4 goblins
  2 hobgoblins (D:1)
  7 jackals (D:1)
  2 quokkas (D:1)
  4 ball pythons
  A frilled lizard (D:1)
  2 kobolds (D:1)
  4 rats
45 creatures vanquished.

Notes
Turn   | Place    | Note
-------+----------+-------------------------------------------
     0 | D:1      | happo123 the Kobold Enchanter began the quest for the Orb.
     0 | D:1      | Reached XP level 1. HP: 10/10 MP: 3/3
   257 | D:1      | Reached XP level 2. HP: 12/16 MP: 5/5
   282 | D:1      | Learned a level 2 spell: Ensorcelled Hibernation
   732 | D:1      | Reached XP level 3. HP: 20/20 MP: 6/6
   749 | D:1      | Learned a level 3 spell: Confusing Touch
  1476 | D:2      | Reached skill level 1 in Fighting
  1476 | D:2      | Reached XP level 4. HP: 16/25 MP: 1/7
  1825 | D:2      | Found a faded altar of an unknown god.
  1879 | D:2      | Found a runed translucent door.
  1882 | D:2      | Noticed Crazy Yiuf
  1888 | D:2      | Slain by Crazy Yiuf

Illustrated notes

Levels and vault maps discovered:
D:1:      matt_arrival_diagonals, layout_basic,
          hangedman_abyss_or_decor_lesser_grid, minmay_misc_feat_roman,
          kennysheep_small_spiral
D:2:      layout_loops_cross, hellmonk_ecumenical_altar_crossroads,
          minmay_fractal_squares_5, uniq_crazy_yiuf_cottage

Skill      XL: |  1  2  3  4 |
---------------+-------------+-----
Short Blades   | 2 |  2.4
Fighting       | 1 |  1.3
Dodging        | 3 |  3.0
Stealth        | |  4.6
Spellcasting   | |  2.5
Hexes          | |  3.8

Action                   |  1- 3 |  4- 6 || total
-------------------------+-------+-------++-------
Melee: Dagger            |    82 |       ||    82
       Short sword       |    18 |    13 ||    31
       Punch             |       |     1 ||     1
 Cast: Ensorcelled Hiber |    17 |     3 ||    20
       Confusing Touch   |       |     1 ||     1
 Stab: Sleeping          |    23 |     2 ||    25
Armor: Robe              |    14 |     4 ||    18
Dodge: Dodged            |    72 |    14 ||    86

Table legend: (Time is in decaauts)
 A = Elapsed time spent in this place.
 B = Non-inter-level travel time spent in this place.
 C = Inter-level travel time spent in this place.
 D = Time resting spent in this place.
 E = Time spent auto-exploring this place.
 F = Levels seen in this place.
 G = Mean time per level.
                   A        B        C        D        E       F      G
               +--------+--------+--------+--------+--------+-----+--------+
         Total |   1879 |   1813 |     66 |    329 |   1175 |   2 |  939.5 |
       Dungeon |   1879 |   1813 |     66 |    329 |   1175 |   2 |  939.5 |
               +--------+--------+--------+--------+--------+-----+--------+

Top non-repeatable levels by time:
     D:1: 1389 daAuts
     D:2: 489 daAuts
